AoeStats
← ricox5

Fortress

510037173Analyzed
4v4 RM · 4d ago on Sep 29, 2026· 51m 52s· 8 players
Game mode
Random Map
Map size
Huge
Population
200
Speed
Normal
Resources
Standard
Victory
Conquest
Starting age
Dark Age
Ending age
Imperial Age
RankedLock teamsTeams togetherTeam positionsShared explorationLock speedFull tech treeHidden civsTurbo modeCheats
Victory
Defeat
🇲🇽 Spanish · Mexico
823
+14
🇲🇽 Bohemians · Mexico
725
+18
🇲🇽 Portuguese · Mexico
724
+18
🇲🇽 Bulgarians · Mexico
683
+21
🇪🇨 Maya · Ecuador
826
-19
796
-19
🇺🇸 Bohemians · United States
774
-18
🇫🇷 Danes · France
708
-15
Boundless316
1:37 Loom
7:56 Feudal Age
9:13 Wheelbarrow
8:26 Double-Bit Axe
8:24 Horse Collar
15:07 Castle Age
16:11 Hand Cart
16:10 Bow Saw
16:12 Heavy Plow
25:23 Fervor
28:56 Imperial Age
26:38 Fletching
27:01 Forging
27:24 Town Watch
28:07 Bodkin Arrow
28:13 Padded Archer Armor
28:14 Scale Mail Armor
29:45 Squires
29:06 Pikeman
29:50 Town Patrol
30:39 Conscription
31:58 Two-Man Saw
31:23 Ballistics
31:15 Fortified Wall
32:08 Chemistry
31:59 Bracer
32:15 Leather Archer Armor
32:20 Wagenburg Tactics
32:59 Caravan
34:05 Chain Mail Armor
34:26 Iron Casting
34:54 Houfnice
35:39 Arson
35:17 Halberdier
35:58 Elite Hussite Wagon
40:29 Ring Archer Armor
40:29 Plate Mail Armor
41:00 Blast Furnace
39:39 Elite Hussite Wagon
41:10 Scale Barding Armor
40:54 Elite Skirmisher
42:28 Coinage
42:10 Guilds
41:47 Man-at-Arms
42:56 Long Swordsman
DarkMatrix
3:04 Loom
7:09 Feudal Age
8:01 Double-Bit Axe
12:19 Horse Collar
14:52 Gold Mining
15:21 Stone Mining
16:31 Wheelbarrow
20:53 Castle Age
22:18 Forging
24:05 Masonry
26:43 Heavy Plow
28:35 Bow Saw
28:47 Redemption
29:00 Guard Tower
29:05 Fletching
29:09 Town Watch
29:51 Town Patrol
30:18 Ballistics
32:07 Hand Cart
32:22 Bodkin Arrow
36:05 Imperial Age
33:46 Squires
34:35 Fervor
34:46 Sanctity
36:54 Siege Engineers
37:45 Onager
37:59 Northmen's Fury
38:34 Elite Varangian Guard
40:15 Keep
39:26 Arrowslits
39:11 Siege Onager
40:13 Conscription
40:32 Hoardings
40:39 Capped Ram
44:05 Arson
44:25 Scale Mail Armor
45:00 Iron Casting
45:21 Chain Mail Armor
52:27 Blast Furnace
51:57 Plate Mail Armor
Breyder25
1:20 Loom
6:37 Loom
8:30 Feudal Age
10:08 Double-Bit Axe
9:47 Man-at-Arms
10:31 Gold Mining
14:24 Wheelbarrow
13:42 Arson
16:45 Castle Age
15:36 Horse Collar
16:00 Stone Mining
17:25 Fletching
17:45 Forging
17:36 Scale Mail Armor
19:40 Bow Saw
18:56 Long Swordsman
22:20 Hand Cart
26:00 Town Watch
26:19 Murder Holes
27:26 Town Patrol
28:13 Stone Shaft Mining
29:12 Ballistics
32:25 Imperial Age
30:02 Pikeman
30:42 Squires
30:52 Caravan
32:45 Capped Ram
33:45 Padded Archer Armor
34:33 Conscription
33:58 Two-Handed Swordsman
35:30 Treadmill Crane
39:17 Bodkin Arrow
39:58 Iron Casting
39:23 Halberdier
41:09 Bracer
41:24 Leather Archer Armor
40:50 Elite Skirmisher
43:50 Ring Archer Armor
make wall ,door and market well?
Renbaez
8:52 Feudal Age
9:32 Double-Bit Axe
10:32 Wheelbarrow
14:21 Castle Age
13:43 Horse Collar
16:59 Bow Saw
18:09 Fletching
18:25 Padded Archer Armor
20:29 Hand Cart
22:36 Pikeman
25:31 Heavy Plow
26:48 Wagenburg Tactics
27:31 Caravan
28:46 Ballistics
29:27 Chemistry
36:53 Imperial Age
34:59 Bodkin Arrow
35:19 Leather Archer Armor
36:10 Fortified Wall
36:51 Scale Mail Armor
37:01 Forging
38:09 Houfnice
41:53 Two-Man Saw
40:58 Bracer
41:28 Ring Archer Armor
43:06 Ballistics
43:48 Town Watch
49:01 Conscription
Nassod
8:44 Feudal Age
9:10 Double-Bit Axe
9:06 Horse Collar
13:49 Castle Age
12:36 Gold Mining
12:38 Stone Mining
15:46 Bow Saw
15:42 Heavy Plow
16:12 Scale Barding Armor
16:20 Forging
19:09 Husbandry
19:19 Bloodlines
20:41 Iron Casting
24:21 Chain Barding Armor
24:59 Caravan
26:23 Wheelbarrow
25:36 Loom
27:19 Hand Cart
31:04 Imperial Age
32:25 Cavalier
34:16 Plate Barding Armor
34:42 Blast Furnace
34:50 Two-Man Saw
33:28 Elite Conquistador
34:32 Paladin
ricox5
10:10 Feudal Age
11:09 Horse Collar
11:25 Gold Mining
12:42 Stone Mining
13:15 Double-Bit Axe
17:15 Castle Age
19:07 Wheelbarrow
22:37 Padded Archer Armor
22:27 Fletching
24:42 Bow Saw
27:51 Hand Cart
33:19 Leather Archer Armor
33:01 Bodkin Arrow
33:16 Forging
33:09 Circumnavigation
34:31 Town Watch
39:52 Imperial Age
41:00 Caravan
40:55 Elite Organ Gun
41:38 Arquebus
46:20 Ring Archer Armor
45:51 Bracer
46:27 Iron Casting
46:58 Two-Man Saw
Brackster
1:13 Loom
7:25 Feudal Age
10:29 Double-Bit Axe
14:26 Gold Mining
14:27 Stone Mining
16:11 Wheelbarrow
17:02 Forging
16:53 Scale Mail Armor
17:07 Forging
20:14 Castle Age
18:35 Horse Collar
23:19 Iron Casting
23:12 Bow Saw
23:04 Heavy Plow
24:25 Hand Cart
25:23 Gold Shaft Mining
25:23 Stone Shaft Mining
25:08 Chain Mail Armor
24:41 Gambesons
32:13 Imperial Age
32:15 Stirrups
33:09 Squires
32:30 Pikeman
34:16 Onager
37:20 Plate Mail Armor
38:49 Elite Konnik
43:24 Siege Onager
47:11 Caravan
48:22 Capped Ram
50:38 Bagains
Connection lost

Rejoining the realm…

Still unreachable

The connection could not be restored.

Session expired

The server has moved on; the page needs a fresh start.